 Dungeon Crawl Stone Soup version 0.30-a0-58-gc0703345a7 (webtiles) character file.

Game seed: 6048014101791854921

547338 LnG the Axe Maniac (level 26, -17/266 HPs)
             Began as a Hill Orc Fighter on Sept 10, 2022.
             Was the Champion of Uskayaw.
             Shot with a bolt by a yaktaur captain (24 damage)
             ... on level 5 of the Vaults on Sept 11, 2022.
             The game lasted 06:37:56 (84058 turns).

LnG the Axe Maniac (Hill Orc Fighter)              Turns: 84058, Time: 06:37:57

Health: -17/266    AC: 47    Str: 27    XL:     26   Next: 75%
Magic:  0/23       EV:  8    Int:  7    God:    Uskayaw [******]
Gold:   4428       SH:  5    Dex: 10    Spells: 25/25 levels left

rFire   + + .      SeeInvis .    g - +7 great mace "Firestarter" {inner flame, rF++}
rCold   . . .      Faith    .    (shield currently unavailable)
rNeg    + . .      Spirit   .    v - +10 plate armour "Zoet" {+Inv rF- Regen+ rCorr Str-3}
rPois   +          Reflect  +    N - +5 hat of Inevitability {rN+ Will+ Int-3}
rElec   +          Harm     .    D - +2 cloak
rCorr   +          Rampage  .    U - +2 pair of gloves {infuse}
Will    ++...      Rage     3%   u - +2 pair of boots of Valiance {rElec rCorr Int-4 Stlth+}
Stlth   ++++......               w - amulet of reflection
HPRegen 1.34/turn                F - ring "Rozoucet" {rF+ rCorr Str+3}
MPRegen 0.18/turn                o - ring "Wuv Wenen" {rElec rPois Str-4 Int+6}

@: mighty, on berserk cooldown, slowed, constricted, studying Fire Magic, very
slow
A: berserk 1
}: 2/15 runes: serpentine, barnacled
a: Renounce Religion, Evoke Invisibility, Stomp, Line Pass, Grand Finale


You were on level 5 of the Vaults.
You worshipped Uskayaw.
Uskayaw was noncommittal.
You visited 11 branches of the dungeon, and saw 47 of its levels.
You also visited: Ossuary and Desolation.

You collected 7785 gold pieces.
You spent 3357 gold pieces at shops.

Inventory:

Hand Weapons
 a - the +7 captain's cutlass {speed, disarm}
   (You found it on level 1 of the Crypt)

   Attacks with this weapon are significantly faster.
   It may disarm weapon-wielding foes when striking them, dealing extra damage
   in the process.
 g - the +7 great mace "Firestarter" (weapon) {inner flame, rF++}
   (You found it on level 13 of the Dungeon)

   It burns those it strikes, dealing additional fire damage.
   It fills those it strikes with an explosive inner flame.
   It grants immunity to clouds of flame.
   rF:        It greatly protects you from fire.
 J - a +9 battleaxe of chaos
 O - the +10 morningstar "Eos" {elec, Halo rElec}
   (You took it off a spriggan defender on level 3 of the Depths)

   It occasionally discharges a powerful burst of electricity upon striking a
   foe.
   It grants its wielder a halo, revealing invisible creatures and increasing
   accuracy against all within it other than the wielder.
   rElec:     It insulates you from electricity.
 S - the +10 dire flail "Doew" {vamp, rElec Str+4}
   (You took it off an ironbound convoker in the Desolation of Salt)

   It occasionally heals its wielder for a portion of the damage dealt when it
   wounds a living foe.
   Str:       It affects your strength (+4).
   rElec:     It insulates you from electricity.
Missiles
 z - 5 silver boomerangs (quivered)
 R - 14 boomerangs
Armour
 t - the +1 helmet of Masochism {rN+ Str-3 Int+4}
   (You found it on level 4 of the Snake Pit)

   Str:       It affects your strength (-3).
   Int:       It affects your intelligence (+4).
   rN:        It protects you from negative energy.
 u - the +2 pair of boots of Valiance (worn) {rElec rCorr Int-4 Stlth+}
   (You acquired it on level 4 of the Dungeon)

   Int:       It affects your intelligence (-4).
   rElec:     It insulates you from electricity.
   rCorr:     It protects you from acid and corrosion.
   Stlth:     It makes you more stealthy.
 v - the +10 plate armour "Zoet" (worn) {+Inv rF- Regen+ rCorr Str-3}
   (You found it on level 5 of the Lair of Beasts)

   Str:       It affects your strength (-3).
   rF:        It makes you vulnerable to fire.
   +Inv:      It lets you turn invisible.
   Regen:     It increases your rate of health regeneration.
   rCorr:     It protects you from acid and corrosion.
 D - a +2 cloak (worn)
 N - the +5 hat of Inevitability (worn) {rN+ Will+ Int-3}
   (You found it on level 1 of the Depths)

   Int:       It affects your intelligence (-3).
   rN:        It protects you from negative energy.
   Will:      It increases your willpower.
 U - a +2 pair of gloves of infusion (worn)
Jewellery
 e - a ring of positive energy
 i - a ring of see invisible
 o - the ring "Wuv Wenen" (right hand) {rElec rPois Str-4 Int+6}
   (You bought it in a shop on level 2 of the Orcish Mines)

   [ring of intelligence]

   Str:       It affects your strength (-4).
   Int:       It affects your intelligence (+6).
   rElec:     It insulates you from electricity.
   rPois:     It protects you from poison.
 w - an amulet of reflection (around neck)
 F - the ring "Rozoucet" (left hand) {rF+ rCorr Str+3}
   (You found it on level 3 of the Lair of Beasts)

   [ring of protection from fire]

   Str:       It affects your strength (+3).
   rF:        It protects you from fire.
   rCorr:     It protects you from acid and corrosion.
 I - the ring "Egryzos" {Will++ AC+4}
   (You found it on level 2 of the Depths)

   [ring of protection]

   AC:        It affects your AC (+4).
   Will:      It greatly increases your willpower.
 K - the ring of Xom's Ringing Laughter {Str+3 Int+6}
   (You found it on level 10 of the Dungeon)

   [ring of intelligence]

   Str:       It affects your strength (+3).
   Int:       It affects your intelligence (+6).
 M - the ring "Noevvath" {rC+ MP+9 Int+4 Dex+2}
   (You took it off a fire giant on level 3 of the Depths)

   [ring of protection from cold]

   Int:       It affects your intelligence (+4).
   Dex:       It affects your dexterity (+2).
   rC:        It protects you from cold.
   MP:        It affects your magic capacity (+9).
 V - the amulet "Duewna" {Regen+ Int+3 Dex+6}
   (You took it off an ironbound convoker in the Desolation of Salt)

   [amulet of regeneration]

   Int:       It affects your intelligence (+3).
   Dex:       It affects your dexterity (+6).
   Regen:     It increases your rate of health regeneration.
 W - the ring "Pyulas" {Fly Will+ Str+2 Stlth-}
   (You bought it in a shop on level 2 of the Orcish Mines)

   [ring of flight]

   Str:       It affects your strength (+2).
   Fly:       It grants you flight.
   Will:      It increases your willpower.
   Stlth:     It makes you less stealthy.
Wands
 b - a wand of flame (42)
 q - a wand of charming (57)
 Q - a wand of digging (15)
 Z - a wand of light (41)
Scrolls
 h - 21 scrolls of identify
 j - 7 scrolls of magic mapping
 k - 7 scrolls of immolation
 r - 19 scrolls of teleportation
 x - 11 scrolls of fog
 y - 7 scrolls of poison
 A - 5 scrolls of blinking
 B - 8 scrolls of torment
 H - a scroll of summoning
 P - 11 scrolls of fear
 T - 2 scrolls of silence
Potions
 c - a potion of resistance
 d - a potion of might
 f - 17 potions of curing
 m - 14 potions of flight
 n - 3 potions of magic
 p - 3 potions of heal wounds
 s - 7 potions of lignification
 C - 5 potions of haste
 E - 5 potions of invisibility
 L - a potion of cancellation
 X - 2 potions of ambrosia
 Y - 2 potions of berserk rage
Miscellaneous
 l - a piece from Xom's chessboard (15/15)


   Skills:
 O Level 27 Fighting
 O Level 27 Axes
 + Level 12.1(19.0) Maces & Flails
 + Level 5.4 Throwing
 + Level 22.6 Armour
 + Level 7.3 Dodging
 + Level 21.8 Stealth
 + Level 11.1 Shields
 + Level 1.5 Evocations


You had 25 spell levels left.
You didn't know any spells.
Your spell library contained the following spells:

 Spells                   Type           Power      Damage    Failure   Level
 Freeze                   Ice            0%         1d3       88%         1
 Magic Dart               Conj           0%         1d3       88%         1
 Sandblast                Erth           0%         2d4       88%         1
 Summon Small Mammal      Summ           0%         N/A       88%         1
 Blink                    Tloc           0%         N/A       95%         2
 Ensorcelled Hibernation  Hex/Ice        0%         N/A       95%         2
 Passwall                 Tmut/Erth      0%         N/A       95%         2
 Poisonous Vapours        Pois/Air       0%         N/A       95%         2
 Searing Ray              Conj           0%         2d4       95%         2
 Static Discharge         Conj/Air       0%         3-3/arc   95%         2
 Call Canine Familiar     Summ           0%         N/A       99%         3
 Conjure Flame            Conj/Fire      0%         6-21      99%         3
 Dazzling Flash           Conj/Hex       0%         N/A       99%         3
 Frozen Ramparts          Ice            0%         1d1       99%         3
 Gell's Gravitas          Tloc           0%         N/A       99%         3
 Ignite Poison            Fire/Tmut/Pois 0%         N/A       99%         3
 Inner Flame              Hex/Fire       0%         N/A       99%         3
 Lesser Beckoning         Tloc           0%         N/A       99%         3
 Mephitic Cloud           Conj/Pois/Air  0%         N/A       99%         3
 Ozocubu's Armour         Ice            0%         N/A       99%         3
 Portal Projectile        Hex/Tloc       0%         N/A       99%         3
 Stone Arrow              Conj/Erth      0%         3d7       99%         3
 Summon Guardian Golem    Hex/Summ       0%         N/A       99%         3
 Swiftness                Air            0%         N/A       99%         3
 Teleport Other           Tloc           0%         N/A       99%         3
 Anguish                  Hex/Necr       0%         N/A       100%        4
 Animate Armour           Summ/Erth      0%         N/A       100%        4
 Corpse Rot               Necr/Pois/Air  0%         N/A       100%        4
 Dispel Undead            Necr           0%         3d6       100%        4
 Flame Wave               Conj/Fire      0%         2d4       100%        4
 Hailstorm                Conj/Ice       0%         3d3       100%        4
 Ice Form                 Ice/Tmut       0%         N/A       100%        4
 Iskenderun's Mystic Bla  Conj/Tloc      0%         2d3       100%        4
 Leda's Liquefaction      Hex/Erth       0%         N/A       100%        4
 Olgreb's Toxic Radiance  Pois           0%         N/A       100%        4
 Sticky Flame             Conj/Fire      0%         2d3       100%        4
 Summon Ice Beast         Ice/Summ       0%         N/A       100%        4
 Summon Lightning Spire   Summ/Air       0%         N/A       100%        4
 Alistair's Intoxication  Tmut/Pois      0%         N/A       100%        5
 Borgnjor's Vile Clutch   Necr/Erth      0%         N/A       100%        5
 Fireball                 Conj/Fire      0%         3d3       100%        5
 Freezing Cloud           Conj/Ice/Air   0%         6-21      100%        5
 Iskenderun's Battlesphe  Conj           0%         2d6       100%        5
 Lightning Bolt           Conj/Air       0%         1d11      100%        5
 Manifold Assault         Tloc           0%         N/A       100%        5
 Summon Mana Viper        Hex/Summ       0%         N/A       100%        5
 Conjure Ball Lightning   Conj/Air       0%         3x3d6     100%        6
 Eringya's Noxious Bog    Tmut/Pois      0%         N/A       100%        6
 Iron Shot                Conj/Erth      0%         9d1       100%        6
 Simulacrum               Ice/Necr       0%         N/A       100%        6
 Starburst                Conj/Fire      0%         6d3       100%        6
 Statue Form              Tmut/Erth      0%         N/A       100%        6
 Enfeeble                 Hex            0%         N/A       100%        7
 Orb of Destruction       Conj           0%         9d5       100%        7
 Ozocubu's Refrigeration  Ice            0%         4d7       100%        7
 Spellforged Servitor     Conj/Summ      0%         N/A       100%        7
 Storm Form               Tmut/Air       0%         N/A       100%        7
 Discord                  Hex            0%         N/A       100%        8
 Disjunction              Tloc           0%         N/A       100%        8
 Ignition                 Fire           0%         3d3       100%        8
 Maxwell's Capacitive Co  Air            0%         ∞         100%        8
 Death's Door             Necr           0%         N/A       100%        9
 Fire Storm               Conj/Fire      0%         5d1       100%        9


Dungeon Overview and Level Annotations

Branches:
Dungeon (15/15)            Temple (1/1) D:7            Lair (5/5) D:9
 Shoals (4/4) Lair:3        Snake (4/4) Lair:3        Slime (0/5) Lair:4
    Orc (2/2) D:10            Elf (3/3) Orc:2        Vaults (5/5) D:14
  Crypt (3/3) Vaults:3       Tomb (1/3) Crypt:3      Depths (4/4) D:15
    Zot (0/5) Depths:4    Ossuary (visited)         Desolation (visited)

Altars:
Ashenzari
Cheibriados
Dithmenos
Elyvilon
Fedhas
Gozag
Hepliaklqana
Kikubaaqudgha
Makhleb
Nemelex Xobeh
Okawaru
Qazlal
Ru
Sif Muna
Trog
Uskayaw
Vehumet
Wu Jian
Xom
Yredelemnul
Zin
The Shining One
Beogh
Jiyva
Lugonu

Shops:
D:1 (((   D:4 [   D:7 (   D:13 *   Orc:2 ?=([   Elf:1 ?   Elf:2 [   Shoals:3 (
Vaults:1 (   Vaults:2 [   Vaults:4 !   Depths:3 =(

Portals:
Hell: Depths:1 Depths:2 Depths:3 Depths:4
Abyss: Lair:4 Depths:1 Depths:3 Depths:4
Pandemonium: Depths:1 Depths:2
Ziggurat: Depths:4

Annotations:
Lair:4 2 transporters, Hihis's ghost, journeyman MfBe
Depths:4 3 runed translucent doors, Lance11888's ghost, veteran OgCA


Innate Abilities, Weirdness & Mutations

You sometimes lose your temper in combat.


Message History

The tentacled monstrosity tentacle-slaps you but does no damage.
The tentacled monstrosity constricts you.
* * * LOW HITPOINT WARNING * * *
A phantasmal warrior comes into view.
The fire giant hits you with a +1 great sword of flaming!
* * * LOW HITPOINT WARNING * * *
You completely miss the tentacled monstrosity.
The tentacled monstrosity is almost dead.
Your resistance to elements expires.
You hear some strange, mumbled words.
The vault warden unwields a +0 great sword.
The vault warden wields a +0 arbalest.
The vault warden shoots a bolt.
The bolt hits you!!
* * * LOW HITPOINT WARNING * * *
Something hits you but does no damage.
The tentacled monstrosity tentacle-slaps you but does no damage.
The tentacled monstrosity barely misses you.
The tentacled monstrosity tentacle-slaps you but does no damage.
The tentacled monstrosity constricts you!
* * * LOW HITPOINT WARNING * * *
The fire giant gestures at you while chanting.
The bolt of fire hits you. You resist.
* * * LOW HITPOINT WARNING * * *
A dream sheep comes into view.
You hear a shout!
The dream sheep bleats!
Blink to where?
Press: ? - help, Dir - move target
Okay, then.
You bludgeon something!! You burn something.
Something is filled with an inner flame.
The yaktaur captain unwields a +0 arbalest.
The yaktaur captain hits you but does no damage.
You block the tentacled monstrosity's attack.
The tentacled monstrosity tentacle-slaps you.
* * * LOW HITPOINT WARNING * * *
The tentacled monstrosity barely misses you.
The tentacled monstrosity constricts you.
The fire giant hits you but does no damage.
The yaktaur captain shoots a bolt.
The bolt hits you!!
You die...

##....#....#......
#.....#....#....
......#....#Y.####
.....#....†......
......[[[†.......
#####.c)[[)).#####
......[○<<[)......
......○°°Cc)......
......☼)X@2)[.....
......§°°†).......
#####......{)#####
..........).#
.....#....#...#
.....#....##.W..
..p.##....# #...
.... #....# ...
#....# ..


You could see a tentacled monstrosity (inner flame), a fire giant, a vault
warden, 2 yaktaur captains, a balrug (summoned), a phantasmal warrior and a
dream sheep.

Vanquished Creatures
  A dread lich (Crypt:3)
  Mennas (Depths:3)
  4 juggernauts
  Boris (Crypt:2)
  Xtahua (Crypt:2)
  Saint Roka (Depths:1)
  5 caustic shrikes (Depths:2)
  Jory (Crypt:2)
  3 golden dragons
  A bone dragon (Crypt:3)
  3 hellephants (Depths:1)
  A tentacled monstrosity (Depths:2)
  Mlioglotl (Shoals:3)
  10 liches
  5 titans
  A walking divine tome (Depths:2)
  2 deep elf blademasters (Elf:3)
  2 deep elf master archers (Elf:3)
  A walking frostbound tome (Depths:3)
  A walking earthen tome (Depths:3)
  4 sphinxes
  A kraken (Shoals:3)
  Kirke (Shoals:4)
  A shadow dragon (Depths:2)
  4 tengu reavers
  2 ancient champions (Crypt:2)
  19 nagarajas
  A draconian monk (Depths:4)
  6 storm dragons
  Ilsuiw (Shoals:2)
  8 fire giants
  3 revenants
  A fire giant (shapeshifter) (Depths:3)
  14 vault wardens
  5 deep elf sorcerers
  An iron dragon (Depths:2)
  2 imperial myrmidons (Desolation)
  Louise (Elf:2)
  4 orc warlords
  6 frost giants
  A spectral caustic shrike (Crypt:2)
  A ghost moth (Lair:4)
  A draconian shifter (Depths:4)
  8 ghouls
  2 curse skulls
  12 ironbound preservers
  11 very ugly things
  A deep elf elementalist (Elf:3)
  A spriggan defender (Depths:3)
  A quicksilver ooze (shapeshifter) (Depths:3)
  A reaper (Crypt:2)
  7 war gargoyles
  9 vampire knights
  2 halazid warlocks (Desolation)
  20 stone giants
  9 ironbound thunderhulks
  3 white draconians (Depths:4)
  7 deep elf demonologists
  3 entropy weavers (Vaults:2)
  4 deep elf annihilators
  A green draconian (Depths:4)
  A black draconian (Depths:4)
  A red draconian (Depths:4)
  8 dire elephants (Vaults:1)
  10 spark wasps
  A blizzard demon (Depths:4)
  3 merfolk javelineers (Shoals:4)
  8 deep elf death magi
  5 eidola
  7 ettins
  13 merfolk impalers
  6 crystal guardians
  5 fire dragons
  5 ragged hierophants (Desolation)
  10 yaktaur captains
  2 deep elf high priests (Elf:3)
  8 jiangshi
  7 ice dragons
  3 rakshasas
  A great orb of eyes (Vaults:4)
  4 hell beasts (Crypt:2)
  5 salamander tyrants
  4 spriggan air magi
  6 servants of whispers
  Erolcha (D:10)
  An alligator snapping turtle (Shoals:4)
  7 boulder beetles
  6 hydras
  31 vault guards
  A death knight (Crypt:1)
  Harold (Lair:1)
  2 merfolk avatars
  14 anacondas
  3 catoblepae
  9 merfolk aquamancers
  13 ironbound frosthearts
  An anaconda (shapeshifter) (Lair:5)
  11 peacekeepers
  3 satyrs
  3 two-headed ogres
  17 centaur warriors
  8 death yaks
  10 naga warriors
  36 dancing weapons
  6 tengu warriors
  13 deep troll shamans
  21 deep troll earth magi
  4 hell hogs (Depths:1)
  8 vampire magi
  7 naga sharpshooters
  6 spriggan berserkers
  2 orc high priests
  A shock serpent (shapeshifter) (Depths:1)
  7 shock serpents
  A soul eater (Vaults:3)
  7 iron trolls
  3 sun demons (D:13)
  18 deep elf knights
  Amaemon (Lair:2)
  5 salamander mystics
  27 hell knights
  2 goliath frogs (Lair:5)
  6 sea snakes
  5 shadow wraiths
  25 skeletal warriors
  A titan skeleton (Crypt:1)
  An iron giant zombie (Crypt:1)
  4 anaconda zombies
  A spark wasp zombie (D:15)
  3 glowing orange brains
  2 golden dragon zombies (Crypt:3)
  A spectral bunyip (Crypt:2)
  12 phantasmal warriors
  2 flayed ghosts (Crypt:2)
  65 deep trolls
  16 deep elf archers
  2 golden dragon skeletons
  21 ironbound convokers
  2 bog bodies
  A tengu zombie (Crypt:2)
  21 lindwurms
  3 anaconda skeletons
  6 orc knights
  11 naga ritualists
  16 necromancers
  A shadow dragon zombie (Crypt:1)
  14 harpies
  A shadow dragon skeleton (Crypt:2)
  41 deep elf pyromancers
  13 mana vipers
  A wolf spider (shapeshifter) (D:10)
  3 stone giant zombies
  13 wizards
  28 deep elf zephyrmancers
  A salamander (shapeshifter) (Elf:3)
  8 cyclopes
  12 fauns
  3 spectral ettins (Crypt:2)
  6 orc sorcerers
  49 ugly things
  9 manticores
  22 salamanders
  2 fauns (shapeshifter)
  A naga zombie (Crypt:3)
  A cyclops (shapeshifter) (Elf:2)
  2 fire giant skeletons
  2 centaur zombies
  42 black mambas
  11 elephants
  11 guardian serpents
  An iron dragon skeleton (Crypt:2)
  13 merfolk sirens
  An elephant (shapeshifter) (Depths:3)
  Joseph (D:7)
  26 naga magi
  An orange demon (Lair:2)
  10 water nymphs
  15 vault sentinels
  A torpor snail (shapeshifter) (D:10)
  An alligator snapping turtle zombie (Crypt:2)
  A smoke demon (D:13)
  19 cane toads
  A gargoyle (D:12)
  A grey draconian zombie (Crypt:1)
  A shock serpent skeleton (Crypt:1)
  2 unseen horrors
  A kobold demonologist (D:10)
  A catoblepas zombie (Crypt:2)
  2 centaur skeletons
  4 rime drakes
  5 tengu conjurers
  An alligator snapping turtle skeleton (Crypt:3)
  4 komodo dragons
  41 yaktaurs
  A bunyip simulacrum (Crypt:1)
  8 freezing wraiths
  A guardian mummy (D:14)
  A red devil (Depths:2)
  3 wind drakes
  4 polar bears
  A harpy zombie (Crypt:3)
  2 trolls
  31 merfolk
  A spectral harpy (Crypt:2)
  3 tyrant leeches (Lair:5)
  Prince Ribbit (D:6)
  A snapping turtle (shapeshifter) (Vaults:1)
  2 tarantellas (Lair:3)
  9 hornets
  2 wind drakes (shapeshifter) (Depths:3)
  A death drake skeleton (Crypt:1)
  A raiju (shapeshifter) (Elf:1)
  51 saltlings
  2 tarantellas (shapeshifter)
  4 snapping turtles
  17 blink frogs
  10 dream sheep
  A dream sheep (shapeshifter) (Vaults:5)
  3 harpy skeletons
  3 spriggan zombies
  27 slime creatures
  A jumping spider (Lair:3)
  43 flying skulls
  A frost giant simulacrum (Depths:1)
  A fire dragon skeleton (Crypt:1)
  6 wyverns
  A spectral black mamba (Crypt:2)
  9 spriggans
  A spriggan skeleton (Depths:1)
  15 air elementals
  5 shadows
  A dire elephant simulacrum (Crypt:2)
  An ice dragon skeleton (Crypt:2)
  A culicivora (shapeshifter) (D:14)
  30 water elementals
  A wind drake zombie (Crypt:2)
  6 wraiths
  7 basilisks
  9 humans (D:14)
  4 fire elementals
  A black mamba skeleton (Crypt:1)
  30 yaks
  3 hogs (Shoals:4)
  2 steam dragons
  A basilisk (shapeshifter) (Depths:3)
  A redback (shapeshifter) (Vaults:5)
  3 wargs
  11 vampire mosquitoes
  39 nagas
  A hell hound (D:12)
  An acid dragon (D:12)
  7 water moccasins
  A glowing shapeshifter skeleton (Vaults:3)
  A floating eye (Depths:3)
  4 black bears
  34 orc warriors
  A sky beast (D:8)
  A human zombie (Vaults:3)
  4 wolves (Lair:5)
  10 ogres
  6 boggarts
  11 centaurs
  A hog skeleton (Crypt:1)
  4 kobold brigands
  An elf zombie (Crypt:1)
  21 bullfrogs
  2 earth elementals (Elf:1)
  2 gnoll sergeants (D:10)
  8 necrophages
  A human skeleton (Vaults:3)
  A komodo dragon skeleton (Crypt:2)
  8 wights
  8 killer bees (D:10)
  3 electric eels
  12 howler monkeys
  2 lava snakes (Lair:3)
  6 jellies
  A basilisk skeleton (Crypt:2)
  23 orc priests
  5 hounds
  3 iguanas
  4 hell rats (D:9)
  30 orc wizards
  A tengu skeleton (Crypt:1)
  A mummy (Ossuary)
  A howler monkey zombie (Crypt:3)
  7 gnolls
  A steam dragon zombie (Crypt:1)
  9 adders
  A river rat (D:9)
  A white imp (D:8)
  2 ufetubi (D:5)
  A worm (shapeshifter) (Depths:2)
  3 worms
  5 dart slugs
  101 orcs
  3 spectral bats (Ossuary)
  4 bats
  A bat skeleton (Crypt:2)
  7 endoplasms
  8 giant cockroaches
  12 gnoll zombies (Ossuary)
  8 goblins
  8 hobgoblins
  4 jackals (D:1)
  6 quokkas
  3 training dummies (Shoals:3)
  6 ball pythons
  4 frilled lizards
  4 goblin simulacra (Ossuary)
  2 goblin zombies (Ossuary)
  4 hobgoblin zombies (Ossuary)
  23 kobolds
  5 kobold simulacra (Ossuary)
  A kobold skeleton (Crypt:2)
  6 kobold zombies (Ossuary)
  6 orc zombies (Ossuary)
  8 rats
  5 rat simulacra (Ossuary)
  2 spectral goblins (Ossuary)
  2 spectral kobolds (Ossuary)
  4 spectral rats (Ossuary)
  A bush (Lair:3)
  A plant (Shoals:4)
  3 tentacles (Shoals:3)
2292 creatures vanquished.

Vanquished Creatures (collateral kills)
  An ettin (Orc:2)
  5 hydras
  Urug (Orc:2)
  3 ugly things (D:14)
  2 cane toads (Lair:2)
  A black mamba (Lair:5)
  A komodo dragon (Lair:2)
  3 vampire mosquitoes (D:14)
  4 wights (D:7)
21 creatures vanquished.

Vanquished Creatures (others)
  2 centaur warriors (Vaults:2)
  A merfolk aquamancer (Shoals:4)
  2 deep elf knights
  A deep elf pyromancer (Elf:1)
  A centaur zombie (Vaults:1)
  A death yak zombie (Lair:4)
  A yaktaur (Vaults:1)
  An air elemental (Shoals:4)
  A water elemental (Elf:3)
  4 humans
  A water nymph zombie (Shoals:4)
  A naga zombie (Snake:3)
  An orc wizard (Vaults:5)
  A kobold zombie (D:11)
  An orc zombie (Depths:1)
  2 bushes (Lair:2)
  36 fungi
  266 plants
  4 tentacles (Shoals:3)
328 creatures vanquished.

Grand Total: 2641 creatures vanquished

Notes
Turn   | Place    | Note
-------+----------+-------------------------------------------
     0 | D:1      | LnG the Hill Orc Fighter began the quest for the Orb.
     0 | D:1      | Reached XP level 1. HP: 19/19 MP: 1/1
   181 | D:1      | Found Gilavus's Antique Weapon Emporium.
   185 | D:1      | Reached XP level 2. HP: 27/27 MP: 2/2
   317 | D:1      | Found Kefioc's Weapon Emporium.
   553 | D:1      | Reached XP level 3. HP: 31/33 MP: 3/3
   607 | D:1      | Found Tucig's Weapon Shoppe.
   712 | D:1      | Found a faded altar of an unknown god.
  1093 | D:1      | Reached XP level 4. HP: 40/40 MP: 4/4
  1665 | D:2      | Reached XP level 5. HP: 37/47 MP: 5/5
  1909 | D:2      | Found a burning altar of Makhleb.
  2058 | D:3      | Found an ancient bone altar of Kikubaaqudgha.
  2356 | D:3      | Reached skill level 5 in Axes
  2770 | D:3      | Found a hazy altar of Hepliaklqana.
  2771 | D:3      | Found a snail-covered altar of Cheibriados.
  3084 | D:4      | Reached XP level 6. HP: 53/53 MP: 6/6
  3105 | D:4      | Identified the +0 trident of Regicide {speed, rPois}
  3221 | D:4      | Found Dinkig's Antique Armour Shoppe.
  3234 | D:4      | Bought a runed scale mail for 217 gold pieces
  3563 | D:4      | Found a shimmering altar of Xom.
  3661 | D:4      | Reached skill level 5 in Fighting
  3819 | D:4      | Reached skill level 1 in Dodging
  3904 | D:5      | Entered Level 5 of the Dungeon
  4015 | D:5      | Reached XP level 7. HP: 59/61 MP: 7/7
  4015 | D:5      | Found a basalt altar of Yredelemnul.
  4092 | D:5      | Found a sand-covered staircase.
  4097 | Ossuary  | Entered an ossuary
  4565 | D:5      | Found a burning altar of Makhleb.
  4588 | D:5      | Reached skill level 5 in Armour
  5223 | D:5      | Reached XP level 8. HP: 70/70 MP: 8/8
  6136 | D:6      | Noticed Prince Ribbit
  6158 | D:6      | Killed Prince Ribbit
  6470 | D:6      | Found a white marble altar of Elyvilon.
  6473 | D:6      | Found an iron altar of Okawaru.
  6477 | D:6      | Found a blossoming altar of Fedhas.
  6556 | D:6      | You fall into a shaft and drop 1 floor!
  6590 | D:7      | Reached skill level 10 in Axes
  6593 | D:7      | Reached XP level 9. HP: 22/78 MP: 9/9
  6596 | D:7      | Reached skill level 5 in Shields
  6891 | D:7      | Found Xaezu's Antique Weapon Emporium.
  6941 | D:7      | Found a staircase to the Ecumenical Temple.
  7466 | D:7      | Noticed Joseph
  7490 | D:7      | Killed Joseph
  8914 | D:8      | Noticed a two-headed ogre
  8922 | D:8      | Killed a two-headed ogre
  8923 | D:8      | Reached skill level 1 in Stealth
  8923 | D:8      | Reached XP level 10. HP: 71/88 MP: 10/10
  9557 | Temple   | Entered the Ecumenical Temple
  9581 | Temple   | Became a worshipper of Uskayaw the Reveller
  9796 | D:9      | Noticed a death yak
  9817 | D:9      | Noticed a death yak
  9819 | D:8      | Reached * piety under Uskayaw
  9821 | D:8      | Reached ** piety under Uskayaw
  9822 | D:8      | Killed a death yak
  9851 | D:9      | Noticed a death yak
  9860 | D:8      | Reached *** piety under Uskayaw
  9861 | D:8      | Killed a death yak
  9949 | D:9      | Killed a death yak
  9993 | D:9      | Found a staircase to the Lair.
 10641 | D:9      | Reached XP level 11. HP: 95/95 MP: 11/11
 10765 | D:10     | Entered Level 10 of the Dungeon
 10781 | D:10     | Reached **** piety under Uskayaw
 10899 | D:10     | Reached skill level 15 in Axes
 10955 | D:10     | Found a staircase to the Orcish Mines.
 11063 | D:10     | Noticed Erolcha
 11073 | D:10     | Killed Erolcha
 11178 | D:10     | Found a stormy altar of Qazlal.
 11338 | D:10     | Noticed a two-headed ogre
 11347 | D:10     | Reached ***** piety under Uskayaw
 11350 | D:10     | Killed a two-headed ogre
 11356 | D:10     | Reached ****** piety under Uskayaw
 11949 | D:10     | Noticed a sun demon
 11950 | D:10     | Noticed a red ugly thing
 11951 | D:10     | Noticed a purple ugly thing
 11958 | D:10     | Noticed a sixfirhy
 12266 | D:10     | Killed a red ugly thing
 12485 | D:10     | Killed a red ugly thing
 12486 | D:10     | Reached skill level 10 in Fighting
 12560 | D:10     | Noticed a boulder beetle
 12570 | D:10     | Killed a boulder beetle
 12571 | D:10     | Reached XP level 12. HP: 80/106 MP: 12/12
 12915 | D:10     | Identified the ring of Xom's Ringing Laughter {Str+3 Int+6}
 13057 | D:10     | Found an ornate altar of the Wu Jian Council.
 14036 | Lair:1   | Entered Level 1 of the Lair of Beasts
 14052 | Lair:1   | Reached skill level 10 in Armour
 14475 | Lair:1   | Noticed Harold
 14485 | Lair:1   | Killed Harold
 15503 | Lair:2   | Noticed Amaemon
 15527 | Lair:2   | Killed Amaemon
 15815 | Lair:2   | Noticed an eight-headed hydra
 15820 | Lair:2   | Killed an eight-headed hydra
 16388 | Lair:2   | Reached skill level 5 in Stealth
 16808 | Lair:2   | Reached XP level 13. HP: 106/116 MP: 1/13
 17546 | Lair:3   | Found a staircase to the Snake Pit.
 18275 | D:4      | Identified 2 scrolls of acquirement
 18275 | D:4      | Acquired 1106 gold pieces
 18277 | D:4      | Acquired the +2 pair of boots of Valiance {rElec rCorr
                  | Int-4 Stlth+}
 18490 | Lair:3   | Found a runed translucent door.
 19117 | Lair:3   | Found a runed translucent gate.
 19117 | Lair:3   | Found a runed translucent gate.
 19117 | Lair:3   | Found a runed translucent gate.
 19117 | Lair:3   | Found a runed translucent gate.
 19117 | Lair:3   | Found a runed translucent gate.
 19117 | Lair:3   | Found a runed translucent gate.
 19295 | Lair:3   | Identified the ring "Rozoucet" {rF+ rCorr Str+3}
 19566 | Lair:3   | Found a staircase to the Shoals.
 20591 | Lair:4   | Reached skill level 5 in Dodging
 21131 | Lair:4   | Killed a ghost moth
 21333 | Lair:4   | Found a staircase to the Slime Pits.
 21334 | Lair:4   | Found a viscous altar of Jiyva.
 21425 | Lair:4   | Found a transporter.
 21981 | Lair:4   | Reached XP level 14. HP: 124/127 MP: 3/14
 22212 | Lair:4   | Noticed Hihis's ghost (journeyman MfBe)
 22215 | Lair:4   | Found a transporter.
 22217 | Lair:4   | Found a one-way gate to the infinite horrors of the Abyss.
 22450 | Lair:5   | Entered Level 5 of the Lair of Beasts
 23134 | Lair:5   | Identified the +10 plate armour "Zoet" {+Inv rF- Regen+
                  | rCorr Str-3}
 24146 | Lair:5   | Identified the +2 robe of the Harvest Moon {Dex+2}
 26615 | D:13     | Found Ythrumari's Pet Rocks.
 26676 | D:13     | Found the +7 great mace "Firestarter" {inner flame, rF++}
 26679 | D:13     | Reached XP level 15. HP: 124/139 MP: 12/15
 27858 | D:14     | Reached skill level 15 in Fighting
 28125 | D:14     | Got the Cyclopedia of Flamy Hurting
 28725 | D:14     | Found a gate to the Vaults.
 28870 | D:15     | Entered Level 15 of the Dungeon
 29985 | D:15     | Found a staircase to the Depths.
 30553 | Orc:1    | Entered Level 1 of the Orcish Mines
 30631 | Orc:1    | Reached XP level 16. HP: 151/151 MP: 10/16
 30740 | Orc:1    | Found a roughly hewn altar of Beogh.
 31305 | Orc:1    | Found a shimmering altar of Xom.
 31448 | Orc:2    | Entered Level 2 of the Orcish Mines
 31457 | Orc:2    | Found a roughly hewn altar of Beogh.
 31458 | Orc:2    | Found Muveno's Magic Scroll Shoppe.
 31477 | Orc:2    | Bought a scroll of enchant armour for 127 gold pieces
 31477 | Orc:2    | Bought 3 scrolls of teleportation for 153 gold pieces
 31477 | Orc:2    | Bought a scroll of teleportation for 51 gold pieces
 31477 | Orc:2    | Bought a scroll of identify for 34 gold pieces
 31477 | Orc:2    | Bought a scroll of summoning for 161 gold pieces
 31927 | Orc:2    | Found a staircase to the Elven Halls.
 31975 | Orc:2    | Found a roughly hewn altar of Beogh.
 32227 | Orc:2    | Noticed Urug
 32232 | Orc:2    | Killed Urug
 32314 | Orc:2    | Found Heibiss's Antique Weapon Boutique.
 32314 | Orc:2    | Found a roughly hewn altar of Beogh.
 32319 | Orc:2    | Found Poetidew's Antique Armour Shop.
 32699 | Orc:2    | Found a roughly hewn altar of Beogh.
 32837 | Orc:2    | Found a roughly hewn altar of Beogh.
 32850 | Orc:2    | Found Zotix's Jewellery Boutique.
 32907 | Orc:2    | Bought the ring "Wuv Wenen" {rElec rPois Str-4 Int+6} for
                  | 595 gold pieces
 33380 | Depths:1 | Entered Level 1 of the Depths
 33380 | Depths:1 | Noticed Saint Roka
 33407 | Depths:1 | Killed Saint Roka
 33574 | Depths:1 | Noticed a tengu reaver
 33588 | Depths:1 | Killed a tengu reaver
 34286 | Snake:1  | Entered Level 1 of the Snake Pit
 34703 | Snake:1  | Reached skill level 10 in Stealth
 35080 | Snake:1  | You fall into a shaft and drop 1 floor!
 35089 | Snake:2  | Noticed a nagaraja
 35542 | Snake:2  | Reached skill level 15 in Armour
 35779 | Snake:2  | Reached XP level 17. HP: 155/163 MP: 6/17
 36877 | Snake:3  | Reached skill level 1 in Evocations
 37191 | Snake:3  | Found a snail-covered altar of Cheibriados.
 37624 | Snake:3  | Identified the +1 scale mail "Ywnahae" {rPois rN+ Int+4}
 37984 | Snake:4  | Entered Level 4 of the Snake Pit
 38946 | Snake:4  | Reached XP level 18. HP: 82/176 MP: 0/18
 39275 | Snake:4  | Got a serpentine rune of Zot
 40534 | Snake:4  | Identified the +1 helmet of Masochism {rN+ Str-3 Int+4}
 40929 | Shoals:1 | Entered Level 1 of the Shoals
 41556 | Shoals:2 | Noticed Ilsuiw
 41600 | Shoals:2 | Killed Ilsuiw
 43048 | Shoals:3 | Found Wejuroesemn's Firing Range.
 43052 | Shoals:3 | Bought 3 silver boomerangs for 81 gold pieces
 43106 | Shoals:3 | Reached XP level 19. HP: 183/187 MP: 7/19
 43193 | Shoals:3 | Noticed Mlioglotl
 43202 | Shoals:3 | Killed Mlioglotl
 43871 | Shoals:4 | Entered Level 4 of the Shoals
 44226 | Shoals:4 | Paralysed by an air elemental for 1 turns
 44231 | Shoals:4 | Paralysed by an air elemental for 1 turns
 44475 | Shoals:4 | Paralysed by an air elemental for 1 turns
 44488 | Shoals:4 | Paralysed by an air elemental for 1 turns
 44589 | Shoals:4 | Noticed Kirke
 44602 | Shoals:4 | Killed Kirke
 44987 | Shoals:4 | Paralysed by an air elemental for 1 turns
 45712 | Shoals:4 | Got a barnacled rune of Zot
 45714 | Shoals:4 | Got the Octavo of Metallic Apparitions
 46418 | Shoals:4 | Upgraded the game from 0.30-a0-55-g90e3122c3a to
                  | 0.30-a0-56-ge6a4009bfd
 46828 | Depths:1 | Found a radiant altar of Vehumet.
 46838 | Depths:1 | Reached skill level 1 in Throwing
 46846 | Depths:1 | Identified the +5 hat of Gravity {rElec Str-3 Int+4 Stlth+}
 47058 | Orc:2    | Bought the ring "Pyulas" {Fly Will+ Str+2 Stlth-} for 427
                  | gold pieces
 47321 | Depths:1 | Found a gateway to Hell.
 47321 | Depths:1 | Noticed a hellephant
 47321 | Depths:1 | Noticed a hellephant
 47321 | Depths:1 | Noticed a hellephant
 47342 | Depths:1 | Killed a hellephant
 47345 | Depths:1 | Reached skill level 1 in Maces & Flails
 47359 | Depths:1 | Killed a hellephant
 47483 | Depths:1 | Killed a hellephant
 47844 | Depths:1 | Found a one-way gate leading to the halls of Pandemonium.
 48183 | Depths:1 | Identified the +5 hat of Inevitability {rN+ Will+ Int-3}
 48609 | Depths:2 | Reached XP level 20. HP: 198/198 MP: 16/20
 49016 | Depths:2 | Reached skill level 5 in Maces & Flails
 49414 | Depths:2 | Found a white marble altar of Elyvilon.
 49414 | Depths:2 | Found a glowing golden altar of the Shining One.
 49417 | Depths:2 | Found a glowing silver altar of Zin.
 49695 | Depths:2 | Identified the +0 ring mail "Kuuv" {rC+ Str-2 Dex+5}
 50482 | Depths:2 | Noticed a golden dragon
 50489 | Depths:2 | Killed a golden dragon
 50946 | Depths:2 | Identified the ring "Egryzos" {Will++ AC+4}
 51663 | Depths:3 | Noticed Mennas
 51694 | Depths:3 | Killed Mennas
 51958 | Depths:3 | Found a corrupted altar of Lugonu.
 52109 | Depths:3 | Found Worazet's Jewellery Shoppe.
 52416 | Depths:2 | Reached XP level 21. HP: 199/205 MP: 19/21
 52495 | Depths:3 | Noticed a caustic shrike
 52495 | Depths:3 | Noticed a caustic shrike
 52497 | Depths:3 | Noticed a caustic shrike
 52535 | Depths:3 | Noticed a caustic shrike
 52549 | Depths:2 | Killed a caustic shrike
 52566 | Depths:3 | Noticed a caustic shrike
 52575 | Depths:2 | Killed a caustic shrike
 52575 | Depths:2 | Killed a caustic shrike
 52638 | Depths:2 | Killed a caustic shrike
 52639 | Depths:2 | Killed a caustic shrike
 53157 | Depths:3 | Found Qadghaxi's Antique Weapon Boutique.
 53664 | Depths:3 | Identified the ring "Noevvath" {rC+ MP+9 Int+4 Dex+2}
 53956 | Depths:3 | Found a broken altar of Ashenzari.
 54634 | Depths:3 | Identified the ring of the First Princes {MP+9 Int+6 Dex+3}
 54643 | Depths:3 | Noticed a golden dragon
 54644 | Depths:3 | Noticed a juggernaut
 54649 | Depths:3 | Killed a golden dragon
 54667 | Depths:3 | Killed a juggernaut
 54672 | Depths:3 | Noticed a juggernaut
 54685 | Depths:3 | Killed a juggernaut
 54847 | Depths:3 | Noticed a juggernaut
 54854 | Depths:3 | Killed a juggernaut
 55138 | Depths:3 | Identified the +0 robe of Qestreus {Slay+3}
 55143 | Depths:3 | Identified the +5 hand axe of Yeast {elec, Int+7 Dex-4}
 55321 | Depths:4 | Entered Level 4 of the Depths
 55936 | Depths:3 | Reached XP level 22. HP: 218/219 MP: 19/22
 56033 | Depths:4 | Found a runed translucent gate.
 56033 | Depths:4 | Found a runed translucent gate.
 56033 | Depths:4 | Found a runed translucent gate.
 56033 | Depths:4 | Noticed Lance11888's ghost (veteran OgCA)
 57205 | Depths:4 | Reached skill level 27 in Axes
 57722 | Depths:4 | Found a gate to the Realm of Zot.
 58293 | Depths:4 | Noticed a juggernaut
 58310 | Depths:4 | Killed a juggernaut
 58311 | Depths:4 | Reached skill level 10 in Maces & Flails
 58426 | Depths:4 | Found a one-way gateway to a ziggurat.
 58839 | Vaults:1 | Entered Level 1 of the Vaults
 58866 | Vaults:1 | Reached skill level 15 in Stealth
 59206 | Vaults:1 | Found Dimitt's Weapon Shop.
 60466 | Vaults:1 | Identified the +3 plate armour of Ronnuwnu {Will- Str+3
                  | SInv}
 61491 | Vaults:1 | Reached XP level 23. HP: 221/232 MP: 7/23
 61714 | Vaults:2 | Found Mouc's Antique Armour Shop.
 61744 | Vaults:2 | Bought a spiked chain mail for 408 gold pieces
 61744 | Vaults:2 | Identified the +1 chain mail "Pimmaj" {rElec rF- Stlth+}
                  | (You bought it in a shop on level 2 of the Vaults)
 61746 | Vaults:2 | Bought an ancient scale mail for 387 gold pieces
 61746 | Vaults:2 | Identified the +1 scale mail "Wooklust" {*Slow rC++ Int+2}
                  | (You bought it in a shop on level 2 of the Vaults)
 63340 | Vaults:2 | Found a transporter.
 63360 | Vaults:2 | Found a transporter.
 64434 | Vaults:3 | Acquired 407 gold pieces
 64749 | Vaults:3 | Identified the +7 arbalest "Wassucupt" {venom, Dex+4}
 64800 | Vaults:3 | Found a staircase to the Crypt.
 67269 | Vaults:4 | Found Lissi's Distillery.
 67281 | Vaults:4 | Reached XP level 24. HP: 235/245 MP: 19/23
 67373 | Vaults:4 | Bought a potion of heal wounds for 90 gold pieces
 67373 | Vaults:4 | Bought a potion of might for 72 gold pieces
 67373 | Vaults:4 | Bought a potion of might for 72 gold pieces
 67373 | Vaults:4 | Bought a potion of invisibility for 144 gold pieces
 67373 | Vaults:4 | Bought a potion of curing for 54 gold pieces
 68648 | Vaults:2 | Identified the +2 pair of gloves of Boret {-Tele rElec
                  | rCorr Int-4}
 69225 | Elf:1    | Entered Level 1 of the Elven Halls
 69536 | Elf:1    | Paralysed by an air elemental for 1 turns
 69756 | Elf:1    | Found Xeguop's Magic Scroll Shop.
 69766 | Elf:1    | Bought a scroll of fear for 60 gold pieces
 69766 | Elf:1    | Bought a scroll of blinking for 112 gold pieces
 69766 | Elf:1    | Bought a scroll of enchant armour for 112 gold pieces
 70443 | Elf:1    | Reached skill level 10 in Shields
 70559 | Elf:1    | Got the Grimoire of Assembled Striking
 71138 | Elf:2    | Found a crumbling gateway.
 71165 | Desolati | Entered the Desolation of Salt
 71671 | Desolati | Got Vehumet's Atlas of Confrontation
 71673 | Desolati | Identified the +7 dagger "Kyxik" {pain, rCorr}
 71676 | Desolati | Got the Guide on Septic Conflagration
 71677 | Desolati | Identified the +6 sling "Vuenew" {flame, rElec Str+3 Dex-5
                  | SInv}
 71927 | Desolati | Identified the +4 ring mail "Cenygrue" {Regen+ Str+3 Int+2}
 71928 | Desolati | Identified the ring of Yckiali {Fire rN+}
 72055 | Desolati | Identified the +3 hand axe of Valuable Assets {freeze,
                  | Dex+3}
 72206 | Desolati | Identified the +10 dire flail "Doew" {vamp, rElec Str+4}
 72206 | Desolati | Identified the amulet "Duewna" {Regen+ Int+3 Dex+6}
 72262 | Desolati | Reached skill level 27 in Fighting
 72396 | Desolati | Got the Catalogue of Vile Allies
 72665 | Elf:2    | Found Xaovvon's Armour Boutique.
 72913 | Elf:2    | Found a runed translucent gate.
 72913 | Elf:2    | Found a runed translucent gate.
 72914 | Elf:2    | Found a runed translucent gate.
 73274 | Elf:2    | Reached XP level 25. HP: 248/252 MP: 18/23
 73443 | Elf:2    | Noticed Louise
 73451 | Elf:2    | Killed Louise
 73987 | Elf:3    | Entered Level 3 of the Elven Halls
 74146 | Elf:3    | Found a runed translucent door.
 74415 | Elf:3    | Gained mutation: You sometimes lose your temper in combat.
                  | [a cacodemon]
 74588 | Elf:3    | Identified the +4 demon blade of the Tundras {freeze, Dex+4
                  | Stlth+}
 74589 | Elf:3    | Identified the +2 robe of the Evening {Rampage rN+}
 75559 | Elf:3    | Upgraded the game from 0.30-a0-56-ge6a4009bfd to
                  | 0.30-a0-58-gc0703345a7
 75911 | Crypt:1  | Entered Level 1 of the Crypt
 77260 | Crypt:1  | Acquired 407 gold pieces
 77718 | Crypt:1  | Found the +7 captain's cutlass {speed, disarm}
 79800 | Crypt:2  | Noticed Jory
 79812 | Crypt:2  | Killed Jory
 80097 | Crypt:2  | Noticed Xtahua
 80104 | Crypt:2  | Noticed Boris
 80105 | Crypt:2  | Paralysed by Xtahua for 2 turns
 80118 | Crypt:2  | Killed Xtahua
 80127 | Crypt:2  | Killed Boris
 80364 | Crypt:3  | Entered Level 3 of the Crypt
 80491 | Crypt:2  | Reached XP level 26. HP: 237/266 MP: 13/23
 80785 | Crypt:2  | Found a basalt altar of Yredelemnul.
 80985 | Crypt:2  | Identified the +0 ring mail of Saorokku {rN+ Str+6}
 81061 | Crypt:2  | Identified the +9 great sword of Floral Courage {distort,
                  | rN+}
 82269 | Crypt:3  | Noticed a dread lich
 82279 | Crypt:3  | Killed a dread lich
 82433 | Crypt:3  | Found a staircase to the Tomb.
 82745 | Crypt:3  | Reached skill level 5 in Throwing
 82862 | Crypt:3  | Found an ancient bone altar of Kikubaaqudgha.
 82890 | Crypt:3  | Got the Spellbook of Hurting
 83656 | Tomb:1   | Entered Level 1 of the Tomb of the Ancients
 83872 | Vaults:5 | Entered Level 5 of the Vaults
 84047 | Vaults:5 | Noticed a dread lich
 84057 | Vaults:5 | HP: 11/266 [constriction (9)]
 84058 | Vaults:5 | Shot with a bolt by a yaktaur captain

Illustrated notes

Levels and vault maps discovered:
D:1:      onia_arrival_pyramid, layout_basic,
          hellmonk_ecumenical_altar_inner_sanctum, serial_shops, shop, shop,
          shop
D:2:      layout_loops_cross, basic_altar, kennysheep_decorative_pillar,
          kennysheep_generic_room_11
D:3:      layout_loops_ring, kiku_gazebo_pond_becter,
          chequers_temple_overflow_statue_of_worship, serial_bayou,
          serial_bayou_lake_a, serial_bayou_pond_b, serial_bayou_crossing,
          serial_bayou_pond_c, serial_bayou_pond_e
D:4:      layout_cave_pools, kennysheep_mini, serial_shops, shop
D:5:      layout_basic, mainiacjoe_overflow_boulevard,
          nicolae_ossuary_entry_plus, minmay_ruined_shrine
D:6:      layout_basic, grunt_temple_overflow_diamond, minmay_misc_feat_doors,
          uniq_prince_ribbit1
D:7:      layout_gridville, minmay_temple_entry_from_below_a, serial_shops,
          shop, minmay_holes, uniq_joseph
D:8:      layout_basic
D:9:      layout_irregular_city, dpeg_lair_monsters, st_stairs_7
D:10:     minmay_the_grid_octo_tiled_octocenter
          [minmay_the_grid_octo_checkerflower, minmay_the_grid_octo_focus,
          minmay_the_grid_octo_clover, minmay_the_grid_octo_odd_swirl,
          minmay_the_grid_octo_prize_square_snowflake,
          minmay_the_grid_square_5x5_percent, minmay_the_grid_square_5x5_spiral,
          minmay_the_grid_square_5x5_minivault,
          minmay_the_grid_square_5x5_one_wall], layout_irregular_city,
          nicolae_qazlal_eye_of_the_storm,
          mainiacjoe_overflow_concentric_impassable, orc_0_dummy, uniq_erolcha
D:11:     layout_rooms
D:12:     layout_stronghold, beargit_elvish_explorers
D:13:     minmay_firetagon, layout_grid_maze, guppyfry_shop_earth
D:14:     layout_irregular_city, ximxim_vaults_locker_room,
          dreamdust_wishing_well, nicolae_burly_brawl
D:15:     gammafunk_depths_entry_grave, layout_long_grid, nrook_mini_backslash,
          chequers_serial_rivers_micro_e, hangedman_abyss_or_decor_stagger
Temple:   nicolae_temple_no_exploring_needed
Lair:1:   layout_cave_pods, guppyfry_lair_drakes, serial_bayou_shore_a,
          uniq_harold
Lair:2:   layout_chaotic_city, beast_lair_carwin_8, uniq_amaemon
Lair:3:   gammafunk_indiana_jones, layout_layer_cave, minmay_shoals_entry_hut,
          minmay_snake_entry_guardpost_small
Lair:4:   layout_misc_corridors, minmay_slime_entry_pillars,
          gammafunk_ghost_abyssal_escape, chequers_serial_rivers_micro_e
Lair:5:   minmay_lair_end_frog_pond, layout_regular_city,
          gauntlet_entry_generic, nicolae_lair_yak_garden
Shoals:1: layout_shoals
Shoals:2: layout_shoals, uniq_ilsuiw
Shoals:3: layout_shoals, nicolae_shop_firing_range, uniq_mlioglotl
Shoals:4: shoals_end_hellmonk_storm_palace [storm_palace_center_square,
          storm_palace_corner_reverse_hut, storm_palace_corner_pillars,
          storm_palace_corner_pillars, storm_palace_corner_grid], uniq_kirke
Snake:1:  layout_concentric_octagons
Snake:2:  layout_misc_corridors
Snake:3:  layout_rooms, basic_altar, special_room, grunt_ministairs_13,
          nicolae_snake_snakes_in_the_grass, lemuel_fruit_tree
Snake:4:  grunt_snake_rune_spirals, layout_onion, nicolae_snake_lava_pool
Orc:1:    nicolae_orc_accident_2, layout_diamond_mine, basic_altar,
          elves_outpost_lemuel
Orc:2:    grunt_orc_community_town_hall, layout_caves,
          grunt_orc_community_big_house_2, grunt_orc_community_big_house_1,
          grunt_orc_community_house_3, grunt_orc_community_house_3,
          grunt_orc_community_house_3, grunt_orc_community_house_1, uniq_urug
Elf:1:    hangedman_cross_stitches, layout_gridlike, serial_shops, shop_statue,
          minmay_elf_sorcery
Elf:2:    elven_hall_of_blades_hangedman_original [grunt_blade_entry_basic],
          layout_loops_cross, serial_shops, shop_statue,
          portal_desolation_entry_nicolae_nacl, uniq_louise
Elf:3:    elf_hall_gauntlet_wide, layout_geoelf_diagonals,
          dreamdust_mushroom_princess, corexii_leaking_fountain,
          nicolae_danse_macabre
Vaults:1: v_misc_23, vaults_dpeg_diagonal, v_rooms_5, ontoclasm_vaults_gateway,
          v_pattern_5, ontoclasm_vaults_pinch, hangedman_vaults_slither,
          v_rooms_2, nicolae_vaults_theta, vaults_mumra_chevron_long,
          hangedman_vaults_pinch, vaults_mumra_hex, st_more_cells,
          layout_vaults_maze_snakey, serial_shops,
          nicolae_shop_bloodbath_and_beyond
Vaults:2: v_misc_17, gammafunk_the_bubble [the_bubble_gammafunk_grid],
          nicolae_vaults_little_squares_2, ontoclasm_vaults_twist,
          dpeg_vaults_monster_box, vaults_room_stairs_pillars,
          ontoclasm_vaults_loading_screen, vaults_room_hallway,
          ontoclasm_vaults_loading_screen, v_alt_pattern_6, v_rooms_1,
          layout_vaults_omnigrid, serial_shops, nicolae_diamond_shop
Vaults:3: v_misc_9, nicolae_vaults_circle_grid_b, v_pattern_1,
          nicolae_vaults_alarming, minmay_crypt_entry_simple_corners,
          nicolae_vaults_little_squares_4, ontoclasm_vaults_fault,
          nicolae_vaults_yaktaur_gun_rack, grunt_vaults_focal,
          hangedman_vaults_nails, nicolae_vaults_little_squares_1,
          nicolae_vaults_ninety_degrees, ontoclasm_vaults_loading_screen,
          ontoclasm_vaults_shuriken, layout_vaults_ring
Vaults:4: vaults_room_fancy_cross, nicolae_vaults_little_squares_3,
          hangedman_vaults_restitches, nicolae_vaults_an_arrangement,
          nicolae_vaults_windows_and_doors_thing, nicolae_vaults_theta,
          hangedman_vaults_snaps, grunt_vaults_twisty, v_misc_10, v_misc_3,
          hangedman_vaults_corner_blocks, nicolae_vaults_diagonal_hallway_8,
          ontoclasm_vaults_tryst, nicolae_vaults_little_squares_2,
          layout_vaults_omnibox, serial_shops, nicolae_shop_stone
Vaults:5: serial_shops, uniq_margery
Crypt:1:  layout_chaotic_city, st_stairs_11, grunt_ministairs_8
Crypt:2:  lemuel_vampire_tower, layout_misc_corridors, uniq_boris, uniq_xtahua
Crypt:3:  cryptofortress_bobbens
Tomb:1
Depths:1: layout_gridlike, pan_entry, abyss_entry_glasseish, grunt_hell_horde,
          grunt_tower_of_power, uniq_saint_roka
Depths:2: cell_vault, layout_basic, good_gods_mini_temple,
          rand_demon_pan_entry_7, hell_entry, serial_co_window_serial,
          co_window_paths_a, co_window_corner_a, co_window_paths_a,
          co_window_corner_a, co_window_paths_a, co_window_of_opportunity_c,
          co_window_unsneaky_path_c, co_window_unsneaky_path_e,
          co_window_unsneaky_path_d, co_window_paths_d, glass_columns_b,
          glass_columns_b, glass_columns_c, st_stairs_1
Depths:3: grunt_twisty_corner, layout_long_grid, hell_entry,
          nicolae_ashenzari_panopticon, abyss_entry_flame_altar, serial_shops,
          kennysheep_mini_moat, shop, uniq_mennas
Depths:4: grunt_zot_entry_hairpin, layout_gridlike, enter_ziggurat_f,
          hangedman_coc_ice_floe, biasface_ghost_demon_polymorph,
          hangedman_abyss_entry_splay, solitary_fountain

Skill      XL: |  1  2  3  4  5  6  7  8  9 10 11 12 13 14 15 16 17 18 19 20 21 22 23 24 25 26 |
---------------+-------------------------------------------------------------------------------+-----
Fighting       | 4 5 6 8 10 11 12 14 16 17 19 20 21 22 23 24 25 27 | 27.0
Axes           | 3 4 5 6 8 10 12 14 16 18 20 21 22 23 24 25 26 27 | 27.0
Armour         | 4 5 6 7 8 9 10 11 12 13 15 16 17 18 19 20 21 22 | 22.6
Shields        | 4 5 6 7 8 9 10 11 | 11.1
Dodging        | 1 2 3 4 5 6 7 |  7.3
Stealth        | 1 2 4 5 6 8 9 10 11 12 13 14 15 16 18 20 21 | 21.8
Evocations     | 1 |  1.5
Throwing       | 1 2 3 4 5 |  5.4
Maces & Flails | 3 8 9 10 11 12 | 12.1

Action                   |  1- 3 |  4- 6 |  7- 9 | 10-12 | 13-15 | 16-18 | 19-21 | 22-24 | 25-27 || total
-------------------------+-------+-------+-------+-------+-------+-------+-------+-------+-------++-------
Melee: War axe           |    92 |   266 |   318 |       |       |       |       |       |       ||   676
       Battleaxe         |       |       |    29 |   309 |   686 |  1085 |   923 |  1219 |   763 ||  5014
       Great mace        |       |       |       |       |       |       |   208 |    50 |    57 ||   315
Throw: Boomerang         |       |       |       |       |       |       |    25 |    28 |    37 ||    90
Evoke: Wand              |       |       |       |       |       |    15 |       |       |       ||    15
  Use: Scroll            |       |     4 |     3 |     2 |    29 |    13 |     8 |     3 |    10 ||    72
       Potion            |       |       |     1 |     1 |     2 |     3 |     8 |    11 |    10 ||    36
 Stab: Paralysed         |       |       |       |    20 |    49 |   107 |    76 |   148 |    81 ||   481
       Sleeping          |       |       |       |       |     3 |       |       |    22 |     7 ||    32
       Petrified         |       |       |       |       |     3 |       |       |       |       ||     3
       Distracted        |       |       |       |       |     1 |       |     1 |       |     6 ||     8
       Confused          |       |       |       |       |     2 |     2 |     5 |     3 |     6 ||    18
       Petrifying        |       |       |       |       |     1 |     3 |       |     2 |       ||     6
       Invisible         |       |       |       |       |       |       |       |     1 |       ||     1
Armor: Scale mail        |    54 |   130 |   172 |   243 |   116 |       |       |       |       ||   715
       Plate armour      |       |       |       |       |   335 |   717 |  1025 |   903 |   622 ||  3602
       Skin              |       |       |       |       |       |    13 |       |       |       ||    13
Dodge: Dodged            |    37 |   117 |   151 |   190 |   301 |   348 |   454 |   437 |   314 ||  2349
Block: Buckler           |    20 |    57 |    77 |       |       |       |       |       |       ||   154
       Other             |       |       |       |       |       |       |   147 |   235 |    78 ||   460
       Reflection        |       |       |       |       |       |       |     1 |    39 |     6 ||    46

Table legend: (Time is in decaauts)
 A = Elapsed time spent in this place.
 B = Non-inter-level travel time spent in this place.
 C = Inter-level travel time spent in this place.
 D = Time resting spent in this place.
 E = Time spent auto-exploring this place.
 F = Levels seen in this place.
 G = Mean time per level.
                   A        B        C        D        E       F      G
               +--------+--------+--------+--------+--------+-----+--------+
         Total |  83431 |  75766 |   7665 |  27377 |  15974 |  49 | 1702.7 |
       Dungeon |  21433 |  18728 |   2705 |   5911 |   6394 |  15 | 1428.9 |
        Temple |     33 |     25 |      8 |      0 |      0 |   1 |   33.0 |
          Lair |  10991 |  10229 |    762 |   4488 |   1542 |   5 | 2198.2 |
        Shoals |   5637 |   5294 |    343 |   1903 |   1463 |   4 | 1409.2 |
     Snake Pit |   6199 |   5581 |    618 |   2571 |    639 |   4 | 1549.8 |
  Orcish Mines |   2966 |   2604 |    362 |    676 |   1240 |   2 | 1483.0 |
   Elven Halls |   5166 |   4602 |    564 |   1197 |   1214 |   3 | 1722.0 |
        Vaults |  10659 |   9114 |   1545 |   3147 |    936 |   5 | 2131.8 |
         Crypt |   6299 |   5956 |    343 |   2275 |   1015 |   3 | 2099.7 |
          Tomb |     43 |     43 |      0 |     31 |      0 |   1 |   43.0 |
        Depths |  12095 |  11684 |    411 |   4528 |   1179 |   4 | 3023.8 |
       Ossuary |    467 |    467 |      0 |     35 |     30 |   1 |  467.0 |
    Desolation |   1439 |   1439 |      0 |    612 |    320 |   1 | 1439.0 |
               +--------+--------+--------+--------+--------+-----+--------+

Top non-repeatable levels by time:
Depths:2: 3902 daAuts
  Lair:3: 3520 daAuts
Depths:3: 3068 daAuts
Vaults:1: 2828 daAuts
Vaults:2: 2806 daAuts
Vaults:4: 2732 daAuts
Depths:4: 2651 daAuts
    D:10: 2515 daAuts
 Snake:4: 2485 daAuts
Depths:1: 2472 daAuts
    D:14: 2390 daAuts
 Crypt:1: 2364 daAuts
 Crypt:3: 2315 daAuts
Shoals:4: 2266 daAuts
Vaults:3: 2249 daAuts
